 Dungeon Crawl Stone Soup version 0.22.1-1-ga44c0e56f4 (webtiles) character file.

11071 Reeggar the Basher (level 12, -1/138 HPs)
             Began as a Human Berserker on Oct 24, 2018.
             Was a High Priest of Trog.
             Slain by a titanic slime creature (92 damage)
             ... on level 12 of the Dungeon on Oct 25, 2018.
             The game lasted 00:46:07 (12089 turns).

Reeggar the Basher (Human Berserker)               Turns: 12089, Time: 00:46:07

Health: -1/138     AC: 15    Str: 30    XL:     12   Next: 3%
Magic:  12/12      EV: 14    Int:  8    God:    Trog [*****.]
Gold:   196        SH:  0    Dex: 12    Spells: 11/11 levels left

rFire    . . .     SeeInvis +   v - +7 flail (crush)
rCold    . . .     Gourm    .   (no shield)
rNeg     . . .     Faith    .   j - +4 ring mail
rPois    +         Spirit   .   E - +2 hat
rElec    .         Reflect  .   g - +0 cloak
rCorr    .         Harm     .   (no gloves)
MR       .....                  y - +0 pair of boots
Stlth    ..........             (no amulet)
HPRegen  0.33/turn              x - ring of the Real Monster {rPois Str+2 SInv Stlth+}
MPRegen  0.13/turn              k - ring of see invisible

@: berserking (expiring), very quick
A: no striking features
a: Berserk, Trog's Hand, Brothers in Arms, Renounce Religion


You were on level 12 of the Dungeon.
You worshipped Trog.
Trog was extremely pleased with you.
You were hungry.

You visited 1 branch of the dungeon, and saw 12 of its levels.

You collected 654 gold pieces.
You spent 458 gold pieces at shops.

Inventory:

Hand Weapons
 v - a +7 flail of crushing (weapon)
 G - a +4 broad axe
Missiles
 I - 5 javelins of returning (quivered)
Armour
 a - a +0 plate armour
 b - a +0 animal skin
 f - a +0 scale mail
 g - a +0 cloak (worn)
 j - a +4 ring mail (worn)
 y - a +0 pair of boots (worn)
 E - a +2 hat (worn)
 H - a +3 chain mail of cold resistance
Jewellery
 k - a ring of see invisible (right hand)
 p - an uncursed amulet of harm {unknown}
 s - the ring "Headel" {rC+ Str+9, unknown}
   (You found it on level 4 of the Dungeon)

   [ring of protection from cold]

   It affects your strength (+9).
   It protects you from cold.
 x - the ring of the Real Monster (left hand) {rPois Str+2 SInv Stlth+}
   (You bought it in a shop on level 5 of the Dungeon)

   [ring of poison resistance]

   It affects your strength (+2).
   It protects you from poison.
   It lets you see invisible.
   It makes you more stealthy.
Wands
 o - a wand of random effects (7)
 C - a wand of flame (55)
Scrolls
 r - 5 scrolls of teleportation
 t - 4 scrolls of remove curse
 B - a scroll of enchant weapon
Potions
 d - 2 potions of haste
 e - a potion of curing
 h - a potion of magic {unknown}
 i - a potion of resistance {unknown}
 l - 3 potions of flight
 m - 4 potions of invisibility {unknown}
 n - 4 potions of ambrosia {unknown}
 q - a potion of mutation {unknown}
 u - a potion of cancellation {unknown}
 w - a potion of agility
 z - a potion of might {unknown}
 D - 2 potions of heal wounds {unknown}
 F - a potion of lignification {unknown}
Comestibles
 c - 12 rations


   Skills:
 + Level 8.1 Fighting
 + Level 12.2 Maces & Flails
 + Level 8.5 Armour
 + Level 5.9 Dodging
 + Level 6.3 Stealth


You had 11 spell levels left.
You didn't know any spells.
Your spell library was empty.

Dungeon Overview and Level Annotations

Branches:
Dungeon (12/15)            Temple (0/1) D:5            Lair (0/6) D:11
    Orc (0/2) D:11

Altars:
Cheibriados
Gozag
Hepliaklqana
Makhleb
Qazlal
Vehumet

Shops:
D:5 *   D:9 [


Message History

The very large slime creature is heavily wounded.
A large slime creature splits.
You bludgeon the very large slime creature!!
The very large slime creature is heavily wounded.
The very large slime creature hits you!!
The slime creature quivers.
You bludgeon the very large slime creature!!
The very large slime creature is severely wounded.
Two slime creatures merge to form an enormous slime creature.
You barely miss the enormous slime creature.
The enormous slime creature is heavily wounded.
The slime creature quivers.
You bludgeon the enormous slime creature!!
The enormous slime creature is severely wounded.
Two slime creatures merge to form a titanic slime creature.
You sock the titanic slime creature!
The titanic slime creature is heavily wounded.
The titanic slime creature hits you!!!!
Ouch! That really hurt!
You die...

#...>....### #.).
#........# #.(.
##.......#####...
####..............
..##......<.......
#.##.#.##.........
#.##..[...###.#...
#!#......## #:#...
#@#.#.... #.#...
######J#......
#...
####....ax.......
........#J#..#.#.
###....<#.#.....
#....J.....#...
........$.#### ##
..#....J..# #
#.......#


You could see a titanic slime creature, a slime creature, an unseen horror
(invisible) and a worker ant.

Vanquished Creatures
  Josephine (D:10)
  Harold (D:8)
  3 two-headed ogres
  Urug (D:10)
  An ugly thing (D:11)
  Psyche (D:8)
  A troll (D:10)
  A hippogriff (D:9)
  6 yaks (D:12)
  A vampire (D:12)
  3 wraiths (D:10)
  A spriggan (D:7)
  Edmund (D:4)
  2 water moccasins
  Duvessa (D:4)
  3 ice beasts
  An orc warrior (D:10)
  3 sky beasts
  6 ogres
  A phantom (D:10)
  2 centaurs (D:8)
  8 bullfrogs
  Dowan (D:4)
  6 killer bees (D:10)
  3 wights (D:9)
  5 howler monkeys
  3 crimson imps
  4 bullfrog zombies
  5 hounds
  2 jellies
  2 orc priests (D:10)
  3 centaur skeletons
  4 iguanas
  4 orc wizards
  4 worker ants
  A hound zombie (D:3)
  2 worker ant zombies
  12 adders
  3 shadow imps
  2 oozes
  An adder skeleton (D:4)
  A worm (D:2)
  4 dart slugs
  10 leopard geckos
  26 orcs
  3 bats
  6 giant cockroaches
  9 goblins
  5 hobgoblins
  4 jackals
  8 kobolds
  3 quokkas
  9 frilled lizards
  A jackal skeleton (D:8)
  3 leopard gecko skeletons
  A quokka skeleton (D:4)
  A quokka zombie (D:5)
  8 rats
218 creatures vanquished.

Vanquished Creatures (others)
  A giant cockroach (D:3)
1 creature vanquished.

Grand Total: 219 creatures vanquished

Notes
Turn   | Place    | Note
-------+----------+-------------------------------------------
     0 | D:1      | Reeggar the Human Berserker began the quest for the Orb.
     0 | D:1      | Reached XP level 1. HP: 18/18 MP: 1/1
   269 | D:1      | Reached XP level 2. HP: 23/24 MP: 2/2
   488 | D:1      | HP: 1/24 [kobold/short sword (3)]
  1180 | D:1      | Reached XP level 3. HP: 22/29 MP: 3/3
  2317 | D:2      | Reached XP level 4. HP: 36/37 MP: 4/4
  2670 | D:3      | Reached ** piety under Trog
  2913 | D:3      | Reached skill level 4 in Maces & Flails
  3327 | D:3      | Reached XP level 5. HP: 33/42 MP: 5/5
  3756 | D:3      | Reached XP level 6. HP: 48/48 MP: 6/6
  3757 | D:3      | Reached *** piety under Trog
  3873 | D:4      | Noticed an ogre
  3887 | D:4      | Killed an ogre
  4262 | D:4      | Noticed Duvessa
  4262 | D:4      | Noticed Dowan
  4277 | D:4      | Reached skill level 5 in Maces & Flails
  4296 | D:4      | Killed Duvessa
  4296 | D:4      | Reached skill level 1 in Stealth
  4296 | D:4      | Reached XP level 7. HP: 14/54 MP: 7/7
  4327 | D:4      | Killed Dowan
  4381 | D:4      | Got a slimy copper ring
  4501 | D:4      | Found an opulent altar of Gozag.
  4859 | D:4      | Found a burning altar of Makhleb.
  4914 | D:4      | Noticed Edmund
  4930 | D:4      | Killed Edmund
  5039 | D:4      | Reached XP level 8. HP: 61/61 MP: 8/8
  5170 | D:5      | Entered Level 5 of the Dungeon
  5175 | D:5      | Reached skill level 6 in Maces & Flails
  5244 | D:5      | Found a staircase to the Ecumenical Temple.
  5660 | D:5      | Found Xoem's Serpentskin Sales.
  5669 | D:5      | Reached skill level 5 in Armour
  6362 | D:6      | Reached skill level 7 in Maces & Flails
  6381 | D:6      | Found a radiant altar of Vehumet.
  7114 | D:5      | Bought the ring of the Real Monster {rPois Str+2 SInv
                  | Stlth+} for 458 gold pieces
  7441 | D:7      | Reached skill level 5 in Fighting
  7861 | D:7      | Noticed a spriggan baker
  7866 | D:7      | Killed a spriggan baker
  7866 | D:7      | Reached XP level 9. HP: 66/68 MP: 9/9
  8064 | D:8      | Found a snail-covered altar of Cheibriados.
  8359 | D:8      | Noticed Psyche
  8381 | D:8      | Killed Psyche
  8381 | D:8      | Reached skill level 8 in Maces & Flails
  8698 | D:8      | Noticed Harold
  8713 | D:8      | Killed Harold
  8713 | D:8      | Reached XP level 10. HP: 65/76 MP: 10/10
  9064 | D:8      | Reached skill level 9 in Maces & Flails
  9347 | D:9      | Found a stormy altar of Qazlal.
  9749 | D:9      | Found a hazy altar of Hepliaklqana.
  9854 | D:9      | Found Fen Wuc's Antique Armour Emporium.
 10020 | D:10     | Entered Level 10 of the Dungeon
 10127 | D:10     | Noticed Urug
 10142 | D:10     | Killed Urug
 10142 | D:10     | Reached skill level 5 in Dodging
 10315 | D:10     | Reached skill level 5 in Stealth
 10330 | D:10     | Reached **** piety under Trog
 10365 | D:10     | Noticed Josephine
 10379 | D:10     | Killed Josephine
 10379 | D:10     | Reached skill level 10 in Maces & Flails
 10397 | D:10     | HP: 2/77 [wraith[Josephine] (8)]
 10398 | D:10     | Reached XP level 11. HP: 3/84 MP: 11/11
 10430 | D:10     | HP: 3/84 [killer bee (8)]
 10920 | D:10     | Reached skill level 11 in Maces & Flails
 10961 | D:10     | Identified a scroll of acquirement
 11276 | D:11     | Noticed a red ugly thing
 11280 | D:11     | You fall through a shaft!
 11323 | D:12     | Received a gift from Trog
 11531 | D:12     | Noticed a two-headed ogre
 11540 | D:12     | Killed a two-headed ogre
 11593 | D:11     | Noticed a two-headed ogre
 11603 | D:11     | Killed a two-headed ogre
 11665 | D:11     | Reached ***** piety under Trog
 11690 | D:11     | Found a staircase to the Lair.
 11756 | D:11     | Noticed a two-headed ogre
 11763 | D:11     | Killed a two-headed ogre
 11763 | D:11     | Reached skill level 12 in Maces & Flails
 11871 | D:11     | Found a staircase to the Orcish Mines.
 11914 | D:11     | Killed a red ugly thing
 11914 | D:11     | Reached XP level 12. HP: 92/92 MP: 12/12
 12077 | D:12     | Noticed an unseen horror
 12089 | D:12     | Slain by a titanic slime creature

Skill      XL: |  1  2  3  4  5  6  7  8  9 10 11 |
---------------+----------------------------------+-----
Maces & Flails | 4 5 7 8 10 12 | 12.2
Fighting       | 4 5 6 7 8 |  8.1
Armour         | 3 4 5 6 7 8 |  8.5
Dodging        | 3 4 5 |  5.9
Stealth        | 1 2 3 5 6 |  6.3

Action                   |  1- 3 |  4- 6 |  7- 9 | 10-12 || total
-------------------------+-------+-------+-------+-------++-------
Melee: Mace              |   110 |   197 |    59 |       ||   366
       Flail             |       |       |   116 |   281 ||   397
Throw: Javelin           |       |       |       |     2 ||     2
Invok: Berserk           |     1 |     3 |     5 |     6 ||    15
       Trog's Hand       |       |     1 |     3 |     3 ||     7
  Use: Scroll            |     3 |     2 |     6 |     7 ||    18
       Potion            |       |       |       |     7 ||     7
 Stab: Sleeping          |     1 |       |     2 |    10 ||    13
  Eat: Ration            |     1 |     1 |     3 |     3 ||     8
       Chunk             |     2 |     6 |     8 |     8 ||    24
Armor: Animal skin       |    13 |       |       |       ||    13
       Scale mail        |    24 |     6 |       |       ||    30
       Ring mail         |       |    97 |    70 |   108 ||   275
Dodge: Dodged            |    82 |   131 |    98 |   176 ||   487
